 Dungeon Crawl Stone Soup version 0.29.1-15-g9cfb28693d (webtiles) character file.

Game seed: 10548249693353355340

1810 Heoruswealwe the Thaumaturge (level 8, -4/41 HPs)
             Began as a Deep Elf Summoner on Feb 23, 2023.
             Was an Initiate of Sif Muna.
             Slain by Maggie
             ... wielding a +0 halberd of flaming
              (8 damage)
             ... on level 6 of the Dungeon on Feb 24, 2023.
             The game lasted 02:01:58 (8186 turns).

Heoruswealwe the Thaumaturge (Deep Elf Summoner)    Turns: 8186, Time: 02:01:59

Health: -4/41      AC: 11    Str:  4    XL:     8   Next: 84%
Magic:  20/22      EV: 12    Int: 27    God:    Sif Muna [......]
Gold:   404        SH:  0    Dex: 14    Spells: 18/28 levels left

rFire   . . .      SeeInvis .   q - +2 short sword (vamp)
rCold   . . .      Faith    .   (no shield)
rNeg    . . .      Spirit   .   l - +0 robe
rPois   .          Reflect  .   (no helmet)
rElec   .          Harm     .   (no cloak)
rCorr   .          Rampage  .   (no gloves)
Will    +....                   S - +2 pair of boots {Fly}
Stlth   ++........              (no amulet)
HPRegen 0.13/turn               A - +4 ring of protection
MPRegen 0.18/turn               B - ring of willpower

@: flying, mesmerised
A: iridescent scales 1, clever 1, low MP 1, no potion heal 1
a: Renounce Religion


You were on level 6 of the Dungeon.
You worshipped Sif Muna.
Sif Muna was noncommittal.
You visited 1 branch of the dungeon, and saw 6 of its levels.
You also visited: Sewer and Ossuary.

You collected 404 gold pieces.

Inventory:

Hand Weapons
 q - a +2 vampiric short sword (weapon)
Armour
 l - a +0 robe (worn)
 S - a +2 pair of boots of flying (worn)
Jewellery
 A - a +4 ring of protection (left hand)
 B - a ring of willpower (right hand)
Wands
 C - a wand of flame (18)
 U - a wand of iceblast (6)
Scrolls
 b - 4 scrolls of immolation
 e - 6 scrolls of teleportation
 f - 3 scrolls of blinking
 i - 4 scrolls of poison
 r - 5 scrolls of fear
 L - a scroll of identify
 R - 5 scrolls of enchant armour
Potions
 d - 5 potions of curing
 k - a potion of invisibility
 p - a potion of resistance
 v - a potion of brilliance
 w - 3 potions of heal wounds
 x - a potion of ambrosia
 z - a potion of magic


   Skills:
 - Level 2.4 Dodging
 - Level 2.4 Stealth
 + Level 10.9 Spellcasting
 + Level 10.0 Summonings


You had 18 spell levels left.
You knew the following spells:

 Your Spells              Type           Power      Damage    Failure   Level
a - Summon Guardian Gole  Hex/Summ       41%        N/A       1%          3
b - Call Canine Familiar  Summ           62%        N/A       1%          3
c - Summon Lightning Spi  Summ/Air       41%        N/A       4%          4

Your spell library contained the following spells:

 Spells                   Type           Power      Damage    Failure   Level
 Summon Small Mammal      Summ           100%       N/A       1%          1
 Call Imp                 Summ           62%        N/A       1%          2
 Inner Flame              Hex/Fire       14%        N/A       12%         3
 Portal Projectile        Hex/Tloc       28%        N/A       12%         3
 Tukima's Dance           Hex            14%        N/A       12%         3
 Cause Fear               Hex            7%         N/A       36%         4
 Blade Hands              Tmut           7%         N/A       73%         5
 Discord                  Hex            7%         N/A       100%        8


Dungeon Overview and Level Annotations

Branches:
Dungeon (6/15)              Sewer (visited)         Ossuary (visited)
 Temple: D:4-7

Altars:
Dithmenos
Elyvilon
Makhleb
Okawaru
Sif Muna
Uskayaw
Xom
Yredelemnul
The Shining One

Shops:
D:5 *

Annotations:
D:6 Maggie


Innate Abilities, Weirdness & Mutations

You are partially covered in iridescent scales. (AC +2)
Your mind is acute. (Int +4, Str/Dex -1)
Your magical capacity is low. (-10% MP)
Potions are less effective at restoring your health.


Message History

Your wolf bites Maggie but does no damage.
Your wolf bites Maggie.
Maggie points at you and mumbles some strange words.
The bolt of fire hits your wolf!!
Your wolf dies!
Your wolf's corpse disappears in a puff of smoke!
The bolt of fire misses you.
Your wolf bites Maggie.
Maggie hits you but does no damage.
Your wolf bites Maggie.
Maggie casts a spell.
Maggie draws you further into her thrall.
Your wolf bites Maggie!
Your wolf barely misses Maggie.
Maggie hits you from afar with a +0 halberd of flaming!
Maggie burns you.
Your wolf closely misses Maggie.
Your wolf bites Maggie.
Maggie barely misses you.
Your wolf closely misses Maggie.
Your wolf bites Maggie but does no damage.
Maggie closely misses you.
Your wolf bites Maggie but does no damage.
Maggie hits you from afar with a +0 halberd of flaming.
Maggie burns you.
Your wolf closely misses Maggie.
Your wolf bites Maggie.
Maggie hits you from afar with a +0 halberd of flaming.
* * * LOW HITPOINT WARNING * * *
Maggie burns you.
* * * LOW HITPOINT WARNING * * *
Your wolf bites Maggie but does no damage.
Your wolf bites Maggie.
Maggie misses you.
Your wolf closely misses Maggie.
Maggie hits you with a +0 halberd of flaming!
* * * LOW HITPOINT WARNING * * *
Maggie burns you.
* * * LOW HITPOINT WARNING * * *
Your wolf bites Maggie.
You barely miss Maggie.
Maggie is severely wounded.
Your wolf completely misses Maggie.
Maggie hits you with a +0 halberd of flaming!
You die...

### #.. # ######.#
#. .......# .### #.
..# #. #.# # #†
#@######.########.
#.#@h...............
#......<...# .######
##########.# #
.###### .......
######## .....###
#.... #####


You could see Maggie (mesmerising, ally target) and a friendly wolf (summoned).

Vanquished Creatures
  Grinder (D:5)
  A kobold brigand (Sewer)
  A necrophage (D:6)
  Dowan (D:6)
  An orc wizard (D:3)
  4 ball pythons
  2 endoplasms (D:1)
  A giant cockroach (D:4)
  2 goblins (D:1)
  A hobgoblin (D:4)
  3 bats (D:1)
  A jackal zombie (Ossuary)
  4 kobolds
  A kobold zombie (Ossuary)
  3 rats
  10 bushes (D:4)
37 creatures vanquished.

Vanquished Creatures (collateral kills)
  Sigmund (D:4)
  An orc warrior (D:6)
  A black bear (D:4)
  An ogre (D:6)
  A phantom (D:6)
  An elf zombie (Ossuary)
  2 kobold brigands (Sewer)
  A necrophage (D:6)
  3 human zombies (Ossuary)
  2 hounds
  2 jellies
  An orc priest (D:5)
  An iguana (D:6)
  3 orc wizards
  2 hound zombies (Ossuary)
  3 mummies (Ossuary)
  3 adders
  A shadow imp (D:6)
  An adder zombie (Ossuary)
  A worm (D:3)
  A dart slug (D:4)
  5 orcs
  3 bats
  3 endoplasms
  4 giant cockroaches
  3 gnoll zombies (Ossuary)
  2 goblins
  5 hobgoblins
  7 jackals
  A quokka (D:1)
  9 ball pythons
  2 frilled lizards
  A goblin zombie (Ossuary)
  A hobgoblin zombie (Ossuary)
  3 jackal zombies (Ossuary)
  12 kobolds
  8 kobold zombies (Ossuary)
  An orc zombie (Ossuary)
  5 quokka zombies (Ossuary)
  8 rats
  2 rat zombies (Ossuary)
  14 bushes (D:4)
132 creatures vanquished.

Vanquished Creatures (others)
  Duvessa (D:6)
  6 fungi (Sewer)
  26 plants (Sewer)
33 creatures vanquished.

Grand Total: 202 creatures vanquished

Notes
Turn   | Place    | Note
-------+----------+-------------------------------------------
     0 | D:1      | Heoruswealwe the Deep Elf Summoner began the quest for the
                  | Orb.
     0 | D:1      | Reached XP level 1. HP: 10/10 MP: 6/6
   390 | D:1      | Reached XP level 2. HP: 8/15 MP: 5/8
  1192 | D:1      | Reached XP level 3. HP: 19/19 MP: 8/10
  1214 | D:1      | Reached skill level 5 in Summonings
  1249 | D:1      | Learned a level 3 spell: Call Canine Familiar
  1292 | D:1      | Gained mutation: Your magical capacity is low. (-10% MP)
                  | [potion of mutation]
  1292 | D:1      | Gained mutation: Your mind is acute. (Int +4, Str/Dex -1)
                  | [potion of mutation]
  1292 | D:1      | Gained mutation: Potions are less effective at restoring
                  | your health. [potion of mutation]
  1292 | D:1      | Gained mutation: You are partially covered in iridescent
                  | scales. (AC +2) [potion of mutation]
  2583 | D:3      | Found a shimmering altar of Xom.
  2585 | D:3      | Found a basalt altar of Yredelemnul.
  2691 | D:3      | Reached XP level 4. HP: 7/24 MP: 4/11
  2837 | D:3      | Found a faded altar of an unknown god.
  2893 | D:3      | Prayed at the altar of an unknown god.
  2893 | D:3      | Became a worshipper of Uskayaw the Reveller
  2893 | D:3      | Reached * piety under Uskayaw
  2895 | D:3      | Fell from the grace of Uskayaw
  3251 | D:1      | Identified a scroll of acquirement
  3251 | D:1      | Acquired a +2 pair of boots of flying
  3562 | D:4      | Reached skill level 5 in Spellcasting
  3671 | D:4      | Found a glowing golden altar of the Shining One.
  3710 | D:4      | Noticed a black bear
  3767 | D:4      | Killed a black bear
  3768 | D:4      | Reached XP level 5. HP: 4/28 MP: 9/14
  3798 | D:4      | Found an iron altar of Okawaru.
  3829 | D:4      | Noticed Sigmund
  3849 | D:4      | Killed Sigmund
  3850 | D:4      | Reached XP level 6. HP: 13/32 MP: 14/16
  3855 | D:4      | Found a white marble altar of Elyvilon.
  3901 | D:4      | Found a glowing drain.
  3922 | Sewer    | Entered a sewer
  4312 | Sewer    | Paralysed by the fury of Uskayaw for 3 turns
  4351 | Sewer    | Reached XP level 7. HP: 28/36 MP: 14/18
  4714 | D:2      | You are sucked into a shaft and drop 2 floors!
  5505 | D:4      | Paralysed by the fury of Uskayaw for 2 turns
  5772 | D:4      | Paralysed by the fury of Uskayaw for 5 turns
  6133 | D:5      | Entered Level 5 of the Dungeon
  6173 | D:5      | Found Xodir's Gadget Gallery.
  6230 | D:5      | Found a burning altar of Makhleb.
  6365 | D:5      | Noticed Grinder
  6365 | D:5      | Paralysed by the fury of Uskayaw for 2 turns
  6396 | D:5      | Killed Grinder
  6400 | D:5      | Found a sand-covered staircase.
  6418 | Ossuary  | Entered an ossuary
  6645 | Ossuary  | Reached XP level 8. HP: 41/41 MP: 20/20
  6732 | Ossuary  | Learned a level 3 spell: Summon Guardian Golem
  6737 | Ossuary  | Learned a level 4 spell: Summon Lightning Spire
  7043 | D:5      | Identified the +1 robe "Xiafriqi" {Str+4 Int-3}
  7299 | D:6      | Paralysed by the fury of Uskayaw for 3 turns
  7320 | D:6      | Noticed Duvessa
  7322 | D:6      | Noticed Dowan
  7335 | D:6      | Killed Dowan
  7337 | D:6      | Killed Duvessa
  7338 | D:6      | Reached skill level 10 in Spellcasting
  7564 | D:6      | Found a shadowy altar of Dithmenos.
  7601 | D:6      | Reached skill level 10 in Summonings
  7644 | D:6      | Found a shimmering blue altar of Sif Muna.
  7655 | D:6      | Became a worshipper of Sif Muna the Loreminder
  8069 | D:2      | Was forgiven by Uskayaw
  8166 | D:6      | Noticed Maggie
  8186 | D:6      | Slain by Maggie

Illustrated notes

Levels and vault maps discovered:
D:1:      matt_arrival_grand_opening, layout_basic
D:2:      layout_basic
D:3:      layout_basic, mainiacjoe_overflow_catwalk_spiral,
          chequers_ecumenical_altar_simple_redux
D:4:      layout_rooms, mainiacjoe_overflow_chevrons,
          mainiacjoe_overflow_cross_hatched, mainiacjoe_overflow_brackets,
          portal_sewer_entry_a, uniq_sigmund
D:5:      layout_cave_pools, lemuel_doored_altar, enter_ossuary_1,
          amcnicky_mini_corridor_feature, nicolae_shop_gadgets, uniq_grinder
D:6:      layout_loops_ring, mainiacjoe_overflow_surrounded_room,
          nicolae_sif_muna_condensation, uniq_duvessa, uniq_maggie, uniq_edmund

Skill      XL: |  1  2  3  4  5  6  7  8 |
---------------+-------------------------+-----
Spellcasting   | 4 6 7 9 10 | 10.9
Summonings     | 5 6 7 8 10 | 10.0
Dodging        | |  2.4
Stealth        | |  2.4

Action                   |  1- 3 |  4- 6 |  7- 9 || total
-------------------------+-------+-------+-------++-------
Melee: Short sword       |    22 |    63 |   830 ||   915
       Dagger            |     1 |       |       ||     1
       Mace              |       |    83 |       ||    83
       Punch             |       |     2 |    22 ||    24
 Cast: Summon Small Mamm |    27 |       |       ||    27
       Call Canine Famil |    10 |    20 |    25 ||    55
       Summon Lightning  |       |       |     2 ||     2
       Summon Guardian G |       |       |     1 ||     1
Invok: Renounce Religion |       |     1 |       ||     1
  Use: Scroll            |     9 |     3 |     4 ||    16
       Potion            |     1 |     4 |     3 ||     8
 Stab: Sleeping          |     4 |       |       ||     4
       Distracted        |       |       |     1 ||     1
Armor: Robe              |     3 |    31 |    30 ||    64
Dodge: Dodged            |    16 |    37 |    20 ||    73
